 Dungeon Crawl Stone Soup version 0.29-a0-542-g075992c915 (webtiles) character file.

Game seed: 8783818918813960421

78117 happo123 the Covert (level 16, -9/97 HPs)
             Began as a Kobold Enchanter on June 4, 2022.
             Was a High Priest of Wu Jian.
             Mangled by an alligator (28 damage)
             ... called by a spriggan druid
             ... on level 1 of the Swamp.
             The game lasted 02:19:05 (25329 turns).

happo123 the Covert (Kobold Enchanter)             Turns: 25329, Time: 02:19:08

Health: -9/97      AC: 10    Str:  6    XL:     16   Next: 7%
Magic:  25/29      EV: 22    Int: 24    God:    Wu Jian [*****.]
Gold:   1387       SH:  9    Dex: 21    Spells: 8/34 levels left

rFire   + . .      SeeInvis .   M - +5 dagger (freeze)
rCold   + . .      Faith    .   Q - +2 buckler
rNeg    + . .      Spirit   .   Y - +4 troll leather armour
rPois   .          Reflect  .   T - +1 hat {Will+}
rElec   +          Harm     .   B - +0 cloak of Zigreo {rN+}
rCorr   .          Rampage  .   w - +1 pair of gloves
Will    ++...                   W - +0 pair of boots
Stlth   ++++++++..              G - amulet of magic regeneration
HPRegen 1.06/turn               h - ring of wizardry
MPRegen 0.61/turn               k - ring "Goanieca" {rElec rF+ rC+ Dex+6 Stlth+}

@: corroded
A: small, no large weapons, nightstalker 3
a: Renounce Religion, Wall Jump, Serpent's Lash, Heavenly Storm


You were on level 1 of the Swamp.
You worshipped Wu Jian.
Wu Jian was extremely pleased with you.
You visited 4 branches of the dungeon, and saw 22 of its levels.

You collected 1701 gold pieces.
You spent 314 gold pieces at shops.

Inventory:

Hand Weapons
 M - a +5 dagger of freezing (weapon)
Armour
 w - a +1 pair of gloves (worn)
 B - the +0 cloak of Zigreo (worn) {rN+}
   (You bought it in a shop on level 1 of the Dungeon)

   rN:        It protects you from negative energy.
 H - +0 steam dragon scales
 Q - a +2 buckler (worn)
 T - a +1 hat of willpower (worn)
 W - a +0 pair of boots (worn)
 Y - a +4 troll leather armour (worn)
Magical Staves
 U - a staff of earth
Jewellery
 f - a ring of positive energy
 h - a ring of wizardry (left hand)
 k - the ring "Goanieca" (right hand) {rElec rF+ rC+ Dex+6 Stlth+}
   (You acquired it on level 1 of the Lair of Beasts)

   [ring of dexterity]

   Dex:       It affects your dexterity (+6).
   rF:        It protects you from fire.
   rC:        It protects you from cold.
   rElec:     It insulates you from electricity.
   Stlth:     It makes you more stealthy.
 m - a +4 ring of evasion
 o - an amulet of faith
 C - a ring of fire
 G - an amulet of magic regeneration (around neck)
 I - a ring of protection from cold
Wands
 b - a wand of acid (14)
 t - a wand of paralysis (14)
 z - a wand of flame (27)
 O - a wand of iceblast (8)
 X - a wand of polymorph (9)
 Z - a wand of charming (6)
Scrolls
 a - 2 scrolls of summoning
 d - 4 scrolls of enchant weapon
 e - 11 scrolls of teleportation
 j - a scroll of identify
 p - 6 scrolls of amnesia
 q - 2 scrolls of fear
 s - 8 scrolls of poison
 u - 4 scrolls of immolation
 x - 3 scrolls of torment
 y - 4 scrolls of magic mapping
 D - 2 scrolls of fog
 J - a scroll of silence
 R - a scroll of vulnerability
 S - 2 scrolls of enchant armour
Potions
 c - a potion of invisibility
 g - 11 potions of curing
 i - 3 potions of mutation
 l - 3 potions of heal wounds
 n - 2 potions of flight
 r - a potion of cancellation {unknown}
 v - 7 potions of haste
 A - a potion of resistance
 E - a potion of magic {unknown}
 F - a potion of attraction
 K - 2 potions of ambrosia
 L - 4 potions of brilliance
 P - 4 potions of might
 V - 6 potions of lignification


   Skills:
 + Level 10.2 Fighting
 + Level 12.3 Short Blades
 + Level 5.4 Crossbows
 - Level 5.0 Armour
 + Level 11.5 Dodging
 + Level 13.8 Stealth
 - Level 5.0 Shields
 + Level 9.6 Spellcasting
 * Level 13.5 Hexes
 - Level 5.0 Summonings
 - Level 6.0 Ice Magic
 + Level 1.3 Earth Magic
 + Level 1.5 Evocations


You had 8 spell levels left.
You knew the following spells:

 Your Spells              Type           Power      Damage    Failure   Level
a - Ensorcelled Hibernat  Hex/Ice        100%       N/A       1%          2
b - Confusing Touch       Hex            66%        N/A       1%          3
c - Tukima's Dance        Hex            66%        N/A       1%          3
d - Dazzling Flash        Conj/Hex       88%        N/A       1%          3
e - Frozen Ramparts       Ice            80%        1d10      1%          3
f - Leda's Liquefaction   Hex/Erth       23%        N/A       2%          4
g - Fulminant Prism       Conj/Hex       22%        3d13      2%          4
h - Summon Ice Beast      Ice/Summ       37%        N/A       4%          4

Your spell library contained the following spells:

 Spells                   Type           Power      Damage    Failure   Level
 Call Imp                 Summ           35%        N/A       1%          2
 Call Canine Familiar     Summ           35%        N/A       1%          3
 Portal Projectile        Hex/Tloc       88%        N/A       1%          3
 Magic Dart               Conj           44%        1d5       4%          1
 Necrotize                Necr           44%        1d6       4%          1
 Searing Ray              Conj           22%        2d5       8%          2
 Mephitic Cloud           Conj/Pois/Air  11%        N/A       14%         3
 Vampiric Draining        Necr           11%        2d6       14%         3
 Hailstorm                Conj/Ice       25%        3d7       14%         4
 Ice Form                 Ice/Tmut       25%        N/A       14%         4
 Lee's Rapid Deconstruct  Erth           9%         3d8*      56%         5
 Agony                    Necr           11%        N/A       75%         5
 Simulacrum               Ice/Necr       12%        N/A       88%         6
 Dispersal                Tloc           5%         N/A       99%         6
 Statue Form              Tmut/Erth      9%         N/A       99%         6
 Borgnjor's Revivificati  Necr           5%         N/A       100%        8
 Disjunction              Tloc           5%         N/A       100%        8
 Necromutation            Tmut/Necr      5%         N/A       100%        8
 Death's Door             Necr           5%         N/A       100%        9


Dungeon Overview and Level Annotations

Branches:
Dungeon (14/15)            Temple (1/1) D:4            Lair (6/6) D:8
  Swamp (1/4) Lair:4       Spider (0/4) Lair:2        Slime (0/5) Lair:6
    Orc (0/2) D:10
 Vaults: D:13-14

Altars:
Ashenzari
Cheibriados
Dithmenos
Elyvilon
Fedhas
Gozag
Hepliaklqana
Kikubaaqudgha
Makhleb
Nemelex Xobeh
Okawaru
Qazlal
Ru
Sif Muna
Trog
Uskayaw
Vehumet
Wu Jian
Xom
Yredelemnul
Zin
The Shining One

Shops:
D:1 *   D:2 *   D:7 ?   D:11 (

Portals:
Trove: D:10 (give +2 storm dragon scales)


Innate Abilities, Weirdness & Mutations

You are small and have problems with some larger weapons.
You are completely attuned to the shadows.


Message History

The alligator seems to grow more fierce.
The goliath frog seems to grow more fierce.
You kill the spriggan druid!
The Council accepts your kill.
You hear a splash. x2
Casting: Confusing Touch (safe; 1% risk of failure)
Confirm with . or Enter, or press ? or * to list all spells.
A chill wind blows around you. The goliath frog misses you.
You block the alligator's attack. The alligator closely misses you.
The alligator attacks as you move away! The alligator barely misses you.
The alligator closely misses you.
You enter the shallow water.
Moving in this stuff is going to be slow.
You block the goliath frog's attack. The goliath frog completely misses you.
You block the alligator's attack. x2
The goliath frog hits you from afar!
You are splashed with acid.
* * * LOW HITPOINT WARNING * * *
Your ice beast completely misses the goliath frog.
The alligator bites you!!
* * * LOW HITPOINT WARNING * * *
The alligator barely misses you.
The goliath frog hits you but does no damage.
You see here 21 gold pieces.
You feel much better.
Your ice beast barely misses the goliath frog.
You block the alligator's attack. The alligator closely misses you.
The goliath frog completely misses you.
Aiming: Ensorcelled Hibernation (safe; 1% risk of failure)
Press: ? - help, Q - select action, (/) - cycle Shift-Dir - straight line, f - alligator
Aim: an alligator (strong, chance to affect: 54%)
The alligator resists with some effort.
Your ice beast hits the goliath frog.
Your ice beast freezes the goliath frog!
The goliath frog seems to slow down.
The alligator misses you. You block the alligator's attack.
The goliath frog misses you.
Aiming: Ensorcelled Hibernation (safe; 1% risk of failure)
Press: ? - help, Q - select action, (/) - cycle Shift-Dir - straight line, f/p - alligator
Aim: an alligator (strong, chance to affect: 54%)
The alligator resists with some effort.
The alligator bites you!!
You die...

.≈≈≈≈≈≈≈.♣♣..♣
♣♣..♣♣
≈≈......♣
♣...♣
≈.>....♣♣
♣♣.♣♣
≈......♣♣ ♣♣♣
≈≈≈.....♣
≈.....≈♣♣♣♣
..♣♣≈.§♣♣.♣♣
.≈...FY....♣
≈.≈))≈t@.≈.♣
♣♣♣§).♣.♣.♣♣
♣♣≈.≈♣♣ ♣
♣♣.♣♣ ♣♣♣


You could see an alligator (strong), a goliath frog (strong, slow, ally target)
and a friendly ice beast (summoned).

Vanquished Creatures
  Mlioglotl (Swamp:1)
  An eleionoma (Swamp:1)
  The ghost of turdburglar the Quickloader, a journeyman GnHu of Okawaru (Lair:3)
  A dire elephant (Lair:2)
  Josephine (Swamp:1)
  The ghost of turdburglar the Covert, a journeyman DsBr of Wu Jian (Lair:2)
  The ghost of Desusah the Arsonist, a journeyman DrCA of Ignis (Lair:2)
  A vault guard (D:10)
  A boulder beetle (D:12)
  2 catoblepae
  2 centaur warriors
  5 hydras
  An alligator (Swamp:1)
  4 two-headed ogres
  A tengu warrior (D:8)
  6 death yaks
  Sonja (D:13)
  3 fire crabs (Lair:2)
  A skeletal warrior (D:9)
  A goliath frog (Swamp:1)
  A spriggan druid (Swamp:1)
  An orb spider (Lair:2)
  A lindwurm (Lair:6)
  5 manticores
  2 ugly things
  2 cyclopes
  15 elephants
  A guardian serpent (D:11)
  9 black mambas
  2 torpor snails (Lair:6)
  A gargoyle (D:13)
  16 cane toads
  12 komodo dragons
  An unseen horror (D:11)
  A kobold demonologist (D:11)
  2 rime drakes
  Psyche (D:11)
  4 trolls
  2 hornets (Lair:2)
  27 blink frogs
  A raiju (shapeshifter) (D:13)
  10 slime creatures
  5 tyrant leeches
  A centaur simulacrum (D:13)
  4 shadows
  54 yaks
  11 wyverns
  2 spriggans (Swamp:1)
  5 wraiths
  2 steam dragons
  4 basilisks
  9 vampire mosquitoes
  4 acid dragons
  A swamp worm (Swamp:1)
  11 water moccasins
  5 orc warriors
  A swamp drake (Swamp:1)
  4 ice beasts
  2 sky beasts
  2 black bears
  6 wolves (Lair:3)
  4 centaurs
  6 kobold brigands
  2 gnoll sergeants (D:9)
  A necrophage (D:6)
  20 bullfrogs
  7 scorpions
  5 wights
  A troll zombie (D:10)
  7 electric eels
  3 howler monkeys
  6 orc priests
  A gnoll shaman (D:9)
  7 hounds
  3 jellies
  6 iguanas
  15 orc wizards
  6 hell rats
  5 ogre zombies (D:10)
  3 gnolls
  10 adders
  2 shadow imps
  4 white imps (D:6)
  2 ufetubi (D:6)
  A worm (D:3)
  A dart slug (D:5)
  35 orcs
  5 endoplasms
  2 giant cockroaches
  11 goblins
  10 hobgoblins
  14 kobolds
  6 quokkas
  7 ball pythons
  2 frilled lizards (D:3)
  4 goblin zombies (D:10)
  4 hobgoblin skeletons (D:10)
  3 hobgoblin zombies (D:10)
  8 orc zombies (D:10)
  4 rats
529 creatures vanquished.

Vanquished Creatures (collateral kills)
  A catoblepas (Lair:5)
  A bog body (Swamp:1)
  An elephant (Lair:5)
  A cane toad (Lair:5)
  2 blink frogs (Lair:6)
  2 yaks (Lair:6)
  A water moccasin (Lair:3)
  A gnoll sergeant (D:7)
  3 bullfrogs (Lair:6)
  A wight (D:6)
  An orc priest (D:8)
  2 gnolls (D:7)
  3 orcs
  An endoplasm (Lair:6)
21 creatures vanquished.

Vanquished Creatures (others)
  3 dancing weapons
  A kobold brigand (D:4)
  An orc (D:8)
  10 fulminant prisms
  27 fungi
  106 plants
148 creatures vanquished.

Grand Total: 698 creatures vanquished

Notes
Turn   | Place    | Note
-------+----------+-------------------------------------------
     0 | D:1      | happo123 the Kobold Enchanter began the quest for the Orb.
     0 | D:1      | Reached XP level 1. HP: 10/10 MP: 3/3
   401 | D:1      | Found Sukeel's Assorted Antiques.
   489 | D:1      | Reached XP level 2. HP: 16/16 MP: 5/5
   492 | D:1      | Learned a level 2 spell: Ensorcelled Hibernation
  1060 | D:2      | Found Lyankuer's Assorted Antiques.
  1065 | D:2      | Found an ancient bone altar of Kikubaaqudgha.
  1186 | D:2      | Reached skill level 1 in Fighting
  1186 | D:2      | Reached XP level 3. HP: 20/20 MP: 6/6
  1190 | D:2      | Learned a level 3 spell: Confusing Touch
  1520 | D:2      | Found a faded altar of an unknown god.
  1637 | D:2      | Reached XP level 4. HP: 24/25 MP: 7/7
  2664 | D:3      | Reached XP level 5. HP: 29/29 MP: 7/9
  2711 | D:3      | You fall into a shaft and drop 2 floors!
  2711 | D:5      | Entered Level 5 of the Dungeon
  2759 | D:5      | Noticed a kobold brigand
  2792 | D:5      | Reached XP level 6. HP: 35/35 MP: 7/10
  2796 | D:5      | Learned a level 3 spell: Tukima's Dance
  2929 | D:5      | Noticed an ice beast
  2941 | D:5      | Killed an ice beast
  2942 | D:5      | Reached skill level 5 in Stealth
  3416 | D:4      | Reached XP level 7. HP: 40/40 MP: 9/11
  3467 | D:3      | Found a stormy altar of Qazlal.
  4353 | D:4      | Found a staircase to the Ecumenical Temple.
  4359 | Temple   | Entered the Ecumenical Temple
  5414 | D:1      | Bought a warped cloak for 218 gold pieces
  5414 | D:1      | Identified the +0 cloak of Zigreo {rN+} (You bought it in a
                  | shop on level 1 of the Dungeon)
  5515 | D:5      | Noticed a troll
  5522 | D:5      | Reached skill level 5 in Hexes
  5568 | D:4      | Reached XP level 8. HP: 18/46 MP: 1/13
  5764 | D:5      | Killed a troll
  6216 | D:5      | Found a glowing silver altar of Zin.
  6751 | D:6      | Reached skill level 5 in Short Blades
  6751 | D:6      | Reached skill level 5 in Dodging
  6788 | D:6      | Found a broken altar of Ashenzari.
  6840 | D:6      | Found a basalt altar of Yredelemnul.
  6868 | D:6      | Reached XP level 9. HP: 23/52 MP: 13/15
  6891 | D:6      | Reached skill level 1 in Ice Magic
  7671 | D:6      | Found a white marble altar of Elyvilon.
  8253 | D:7      | Found Essosivu's Magic Scroll Shop.
  8461 | D:7      | Found an ornate altar of the Wu Jian Council.
  8466 | D:7      | Became a worshipper of the Wu Jian Council
  8602 | D:7      | Reached skill level 5 in Spellcasting
  8614 | D:7      | Bought a scroll of identify for 24 gold pieces
  8614 | D:7      | Bought a scroll of identify for 24 gold pieces
  8700 | D:7      | Noticed a troll
  8704 | D:7      | Killed a troll
  8705 | D:7      | Reached skill level 5 in Fighting
  8705 | D:7      | Reached XP level 10. HP: 59/59 MP: 12/17
  9225 | D:7      | Bought a scroll of identify for 24 gold pieces
  9225 | D:7      | Bought a scroll of identify for 24 gold pieces
  9236 | D:7      | Learned a level 3 spell: Dazzling Flash
  9298 | D:8      | Reached * piety under Wu Jian
  9744 | D:8      | Noticed a tengu warrior
  9746 | D:8      | Killed a tengu warrior
  9984 | D:8      | Learned a level 3 spell: Frozen Ramparts
 10151 | D:8      | Found a staircase to the Lair.
 10179 | D:8      | Reached ** piety under Wu Jian
 10919 | D:9      | Noticed a two-headed ogre
 10922 | D:9      | Killed a two-headed ogre
 10923 | D:9      | Reached skill level 1 in Armour
 10923 | D:9      | Reached XP level 11. HP: 64/64 MP: 18/20
 11181 | D:9      | Noticed a two-headed ogre
 11197 | D:9      | Killed a two-headed ogre
 11207 | D:9      | Identified the +7 falchion of Xemeufi {vorpal, Int+2}
 11412 | D:9      | Identified the +4 ring mail of the Devil's Advocate {Dex+4}
 11535 | D:9      | Noticed a two-headed ogre
 11538 | D:9      | Killed a two-headed ogre
 11540 | D:9      | Noticed a skeletal warrior
 12199 | D:9      | Killed a skeletal warrior
 12486 | D:9      | Found a hide-covered altar of Uskayaw.
 12760 | D:10     | Entered Level 10 of the Dungeon
 12782 | D:10     | Found a shadowy altar of Dithmenos.
 12816 | D:10     | Reached skill level 1 in Shields
 12817 | D:10     | Reached skill level 5 in Ice Magic
 12856 | D:10     | Noticed a two-headed ogre
 12859 | D:10     | Killed a two-headed ogre
 12860 | D:10     | Reached skill level 10 in Stealth
 12919 | D:10     | Noticed a vault guard
 12926 | D:10     | Killed a vault guard
 12927 | D:10     | Reached XP level 12. HP: 65/72 MP: 19/22
 12931 | D:10     | Found a portal to a secret trove of treasure.
 13013 | D:10     | Found a staircase to the Orcish Mines.
 13248 | D:10     | Reached *** piety under Wu Jian
 13785 | D:10     | Found a basalt altar of Yredelemnul.
 13811 | D:10     | Noticed a centaur warrior
 13813 | D:10     | Killed a centaur warrior
 13819 | D:10     | Found a burning altar of Makhleb.
 14117 | D:11     | Reached skill level 10 in Hexes
 14318 | D:11     | Noticed Psyche
 14358 | D:11     | Killed Psyche
 14763 | D:11     | Identified the +5 mace "Picakyl" {flame, Str+6}
 14822 | D:11     | Found Ryroipan's Weapon Emporium.
 15317 | D:12     | Reached **** piety under Wu Jian
 15769 | D:12     | Identified the +1 pair of gloves of Wariness {Harm rCorr
                  | Int-5 SInv}
 15984 | D:12     | Reached XP level 13. HP: 78/78 MP: 24/24
 16051 | D:12     | Noticed a boulder beetle
 16053 | D:12     | Killed a boulder beetle
 16284 | D:13     | Learned a level 4 spell: Leda's Liquefaction
 16312 | D:13     | Noticed an eight-headed hydra
 16315 | D:13     | Killed an eight-headed hydra
 16359 | D:13     | Reached skill level 1 in Summonings
 16485 | D:13     | Noticed Sonja
 16489 | D:13     | Killed Sonja
 16490 | D:13     | Reached skill level 10 in Short Blades
 16510 | D:13     | Noticed a six-headed hydra
 16518 | D:13     | Killed a six-headed hydra
 16655 | D:13     | Noticed a centaur warrior
 16658 | D:13     | Killed a centaur warrior
 17417 | Lair:1   | Entered Level 1 of the Lair of Beasts
 17635 | Lair:1   | Identified a scroll of acquirement
 17636 | Lair:1   | Acquired the ring "Goanieca" {rElec rF+ rC+ Dex+6 Stlth+}
 18248 | Lair:2   | Found a hole to the Spider Nest.
 18688 | Lair:2   | Noticed a dire elephant
 18704 | Lair:2   | Reached XP level 14. HP: 73/84 MP: 23/26
 19357 | Lair:2   | You fall into a shaft and drop 1 floor!
 19405 | Lair:3   | Reached ***** piety under Wu Jian
 19460 | Lair:3   | Reached skill level 10 in Dodging
 19694 | Lair:2   | Found a runed translucent gate.
 19695 | Lair:2   | Found a runed translucent gate.
 19696 | Lair:2   | Found a runed translucent gate.
 19712 | Lair:2   | Noticed turdburglar's ghost (journeyman DsBr)
 19712 | Lair:2   | Noticed Desusah's ghost (journeyman DrCA)
 19718 | Lair:2   | Killed Desusah's ghost
 19734 | Lair:2   | Killed turdburglar's ghost
 19759 | Lair:2   | Learned a level 4 spell: Fulminant Prism
 19764 | Lair:2   | Learned a level 4 spell: Summon Ice Beast
 20019 | Lair:2   | Killed a dire elephant
 20370 | Lair:3   | Found a shimmering altar of Xom.
 20396 | Lair:3   | Found a transporter.
 20428 | Lair:3   | Found a transporter.
 20440 | Lair:3   | Noticed turdburglar's ghost (journeyman GnHu)
 20720 | Lair:3   | Reached skill level 5 in Armour
 21165 | Lair:3   | Reached skill level 1 in Crossbows
 21166 | Lair:3   | Killed turdburglar's ghost
 21409 | Lair:4   | Found a staircase to the Swamp.
 23181 | Lair:6   | Entered Level 6 of the Lair of Beasts
 23185 | Lair:6   | Reached XP level 15. HP: 91/91 MP: 27/27
 23499 | Lair:5   | Reached skill level 5 in Shields
 23673 | Lair:6   | Reached skill level 5 in Summonings
 24033 | Lair:6   | Reached skill level 10 in Fighting
 24257 | Lair:6   | Found a staircase to the Slime Pits.
 24657 | Lair:6   | Reached skill level 5 in Crossbows
 24913 | Swamp:1  | Entered Level 1 of the Swamp
 25052 | Swamp:1  | Noticed Josephine
 25057 | Swamp:1  | Killed Josephine
 25080 | Swamp:1  | Reached skill level 1 in Evocations
 25101 | Swamp:1  | Reached skill level 1 in Earth Magic
 25287 | Swamp:1  | Noticed Mlioglotl
 25290 | Swamp:1  | Killed Mlioglotl
 25290 | Swamp:1  | Reached XP level 16. HP: 97/97 MP: 29/29
 25326 | Swamp:1  | HP: 2/97 [alligator[a spriggan druid] (23)]
 25329 | Swamp:1  | Mangled by an alligator

Illustrated notes

Levels and vault maps discovered:
D:1:      amcnicky_arrival_underground_garden, layout_basic, serial_shops, shop,
          minmay_box_of_dots
D:2:      layout_basic, basic_altar, serial_shops, shop, basic_ecumenical_altar
D:3:      kennysheep_the_goblin_king, layout_loops_ring,
          mainiacjoe_overflow_24_doors, minmay_misc_feat_encased,
          kennysheep_nondescript, roderic_lattice_a, minmay_ruptured
D:4:      layout_loops_corners, minmay_temple_entry_mist, minivault_25
D:5:      layout_basic, zin_statuary, chequers_arboretum,
          minmay_chambers_of_fives
D:6:      layout_basic, mainiacjoe_overflow_catch_the_wave, minmay_ruined_shrine
D:7:      cheibrodos_barr_body, layout_cave_pools,
          mainiacjoe_overflow_six_doors_small, serial_shops, shop
D:8:      layout_basic, david_lair_generic
D:9:      minmay_thinvault, layout_basic,
          mainiacjoe_overflow_concentric_impassable
D:10:     layout_loops_ring, nicolae_dithmenos_shadow_blocks, bloody_makhleb,
          mainiacjoe_overflow_chevrons, zombieorc1_lemuel, enter_trove_5
D:11:     layout_basic, serial_shops, nicolae_shop_bloodbath_and_beyond,
          nrook_guardian_serpent_double, uniq_psyche
D:12:     layout_loops_ring
D:13:     layout_loops_ring, uniq_sonja
D:14:     layout_irregular_city, ximxim_vaults_locker_room, nrook_campfire,
          uniq_frances
Temple:   dshaligram_water_room_temple
Lair:1:   layout_roguey, grunt_megastairs_5, serial_bayou_shore_a
Lair:2:   layout_cave_pods, nicolae_spider_entry_orb_guardian,
          gammafunk_ghost_cemetery, nicolae_lair_lakeside_cave
Lair:3:   layout_concentric_octagons, gammafunk_ghost_arena, basic_altar
Lair:4:   layout_roguey, minmay_swamp_entry_eels, serial_forest,
          infiniplex_forest_clump_tiny, infiniplex_forest_clump_small,
          infiniplex_forest_clump_long, infiniplex_forest_end_double,
          infiniplex_forest_clump_tiny, infiniplex_forest_side_room,
          infiniplex_forest_clump_small
Lair:5:   layout_misc_corridors, serial_rivers, chequers_serial_rivers_micro_a,
          chequers_serial_rivers_marsh, chequers_serial_rivers_room_a,
          chequers_serial_rivers_room_a, chequers_serial_rivers_micro_a,
          chequers_serial_rivers_micro_d
Lair:6:   minmay_lair_end_frog_pond, layout_small_grid,
          nicolae_slime_entry_slimehenge, minivault_26
Swamp:1:  layout_falls_marsh, serial_swamp_ruin, evilmike_swamp_ruin_house_6,
          evilmike_swamp_ruin_rubble_2, hangedman_swamp_diagram,
          infiniplex_staircase_pool, uniq_josephine, uniq_nikola, uniq_mlioglotl

Skill      XL: |  1  2  3  4  5  6  7  8  9 10 11 12 13 14 15 |
---------------+----------------------------------------------+-----
Fighting       | 1 2 3 4 5 6 7 8 9 10 | 10.2
Short Blades   | 2 3 4 5 6 7 8 9 10 11 12 | 12.3
Dodging        | 3 4 5 6 7 8 9 10 11 | 11.5
Hexes          | 4 5 6 7 8 9 10 11 12 13 | 13.5
Stealth        | 5 6 7 9 10 11 12 13 | 13.8
Spellcasting   | 3 4 5 6 7 8 9 |  9.6
Ice Magic      | 2 4 5 6 |  6.0
Armour         | 1 2 3 4 5 |  5.0
Shields        | 1 2 3 4 5 |  5.0
Summonings     | 3 4 5 |  5.0
Crossbows      | 2 5 |  5.4
Evocations     | 1 |  1.5
Earth Magic    | 1 |  1.3

Action                   |  1- 3 |  4- 6 |  7- 9 | 10-12 | 13-15 | 16-18 || total
-------------------------+-------+-------+-------+-------+-------+-------++-------
Melee: Dagger            |    37 |    81 |   210 |   386 |   828 |    24 ||  1566
       Punch             |       |     2 |     1 |     3 |       |       ||     6
       Short sword       |       |       |    50 |     6 |       |       ||    56
 Cast: Ensorcelled Hiber |     1 |    11 |    46 |    55 |    87 |     2 ||   202
       Confusing Touch   |       |     1 |    12 |    28 |    50 |     2 ||    93
       Tukima's Dance    |       |       |     9 |     5 |       |       ||    14
       Frozen Ramparts   |       |       |       |    12 |    25 |       ||    37
       Leda's Liquefacti |       |       |       |       |     8 |       ||     8
       Summon Ice Beast  |       |       |       |       |    22 |     1 ||    23
       Fulminant Prism   |       |       |       |       |    10 |       ||    10
       Dazzling Flash    |       |       |       |       |     1 |       ||     1
Invok: Lunge             |       |       |     2 |    57 |    91 |       ||   150
       Whirlwind         |       |       |       |     5 |    52 |       ||    57
       Serpent's Lash    |       |       |       |       |     4 |       ||     4
       Heavenly Storm    |       |       |       |       |     1 |       ||     1
Evoke: Wand              |       |       |       |       |     6 |       ||     6
  Use: Potion            |       |       |     2 |     1 |     5 |     1 ||     9
       Scroll            |       |       |     7 |    14 |    21 |       ||    42
 Stab: Sleeping          |    16 |    21 |    51 |    83 |   109 |     2 ||   282
       Confused          |       |     2 |    10 |    22 |    38 |     2 ||    74
       Invisible         |       |       |     4 |       |       |       ||     4
       Distracted        |       |       |       |     4 |    12 |       ||    16
       Fleeing           |       |       |       |       |     1 |       ||     1
Armor: Robe              |     2 |     6 |    34 |       |       |       ||    42
       Steam dragon scal |       |       |     2 |    41 |       |       ||    43
       Troll leather arm |       |       |       |       |   144 |     3 ||   147
Dodge: Dodged            |    16 |    43 |   229 |   153 |   418 |    18 ||   877
Block: Buckler           |       |       |       |    31 |   226 |     9 ||   266

Table legend: (Time is in decaauts)
 A = Elapsed time spent in this place.
 B = Non-inter-level travel time spent in this place.
 C = Inter-level travel time spent in this place.
 D = Time resting spent in this place.
 E = Time spent auto-exploring this place.
 F = Levels seen in this place.
 G = Mean time per level.
                   A        B        C        D        E       F      G
               +--------+--------+--------+--------+--------+-----+--------+
         Total |  25025 |  20038 |   4987 |   3180 |  12694 |  22 | 1137.5 |
       Dungeon |  16962 |  13707 |   3255 |   2427 |   8773 |  14 | 1211.6 |
        Temple |    273 |    252 |     21 |      0 |    238 |   1 |  273.0 |
          Lair |   7338 |   5638 |   1700 |    722 |   3431 |   6 | 1223.0 |
         Swamp |    450 |    441 |      9 |     31 |    252 |   1 |  450.0 |
               +--------+--------+--------+--------+--------+-----+--------+

Top non-repeatable levels by time:
     D:9: 2213 daAuts
  Lair:2: 1676 daAuts
     D:3: 1584 daAuts
     D:6: 1512 daAuts
     D:5: 1485 daAuts
    D:10: 1386 daAuts
  Lair:5: 1251 daAuts
     D:4: 1241 daAuts
  Lair:6: 1226 daAuts
  Lair:3: 1207 daAuts
     D:1: 1205 daAuts
     D:7: 1191 daAuts
    D:11: 1145 daAuts
  Lair:4: 1133 daAuts
     D:8: 1073 daAuts
